 Dungeon Crawl Stone Soup version 0.30-a0-210-g01b79a254e (webtiles) character file.

Game seed: 5392891258738500767

119 Hubris850 the Ducker (level 5, 0/40 HPs)
             Began as a Djinni Gladiator on Oct 4, 2022.
             Slain by a phantom (6 damage)
             ... on level 4 of the Dungeon.
             The game lasted 00:05:16 (2550 turns).

Hubris850 the Ducker (Djinni Gladiator)             Turns: 2550, Time: 00:05:17

Health: 0/40       AC:  4    Str: 18    XL:     5   Next: 23%
Gold:   129        EV: 13    Int: 12    God:
                   SH:  5    Dex: 14

rFire   + + .      SeeInvis .    y - +0 great sword
rCold   x . .      Faith    .    (shield currently unavailable)
rNeg    . . .      Spirit   .    b - +0 leather armour
rPois   ∞          Reflect  +    c - +0 helmet
rElec   .          Harm     .    (no cloak)
rCorr   .          Rampage  .    (no gloves)
Will    .....                    (boots unavailable)
Stlth   +.........               x - amulet of Midsummer {Reflect Str+5 SH+5}
HPRegen 0.26/turn                (no ring)
MPRegen 0.00/turn                (no ring)

@: flying
A: sickness immunity, fire resistance 2, cold vulnerability 1, float, innate
caster, HP casting, extra vitality 1
a: no special abilities


You were on level 4 of the Dungeon.
You visited 1 branch of the dungeon, and saw 4 of its levels.

You collected 129 gold pieces.

Inventory:

Hand Weapons
 a - a +0 long sword
 y - a +0 great sword (weapon)
Missiles
 d - 3 throwing nets
 e - a javelin
Armour
 b - a +0 leather armour (worn)
 c - a +0 helmet (worn)
 o - a +0 helmet
Jewellery
 s - an amulet of reflection
 x - the amulet of Midsummer (around neck) {Reflect Str+5 SH+5}
   (You found it on level 3 of the Dungeon)

   [amulet of reflection]

   It reflects blocked missile attacks.
   Str:       It affects your strength (+5).
   SH:        It affects your SH (+5).
Scrolls
 f - 2 scrolls of fear {unknown}
 j - a scroll of noise {unknown}
 m - a scroll of poison {unknown}
 n - a scroll of acquirement {unknown}
 p - 2 scrolls of teleportation {unknown}
 t - a scroll of identify {unknown}
 u - a scroll of amnesia {unknown}
 v - a scroll of enchant weapon {unknown}
 w - a scroll of vulnerability {unknown}
Potions
 g - 4 potions of might {unknown}
 h - a potion of resistance {unknown}
 i - a potion of heal wounds {unknown}
 k - 2 potions of mutation {unknown}
 l - 2 potions of brilliance {unknown}
 q - 2 potions of invisibility {unknown}
 r - a potion of ambrosia {unknown}


   Skills:
 + Level 2.8 Fighting
 + Level 3.3 Long Blades
 + Level 2.2 Throwing
 + Level 3.9 Dodging
 + Level 1.2 Spellcasting


You had 3 spell levels left.
You knew the following spells:

 Your Spells              Type           Power      Damage    Failure   Level
a - Slow                  Hex            12%        N/A       22%         1
b - Wereblood             Tmut           3%         N/A       32%         2
Your spell library was empty.

Dungeon Overview and Level Annotations

Branches:
Dungeon (4/15)             Temple (0/1) D:4

Altars:

Shops:
D:3 :=


Innate Abilities, Weirdness & Mutations

You are immune to sickness and miasma.
You are immune to poison.
Your flesh is very heat resistant. (rF++)
You are vulnerable to cold. (rC-)
You float through the air rather than walking.
You learn spells naturally, not from books.
Your magical power is your life essence.
You have superior vitality. (+4 MHP)


Message History

The phantom is lightly damaged.
The phantom closely misses you. The phantom hits you!
You closely miss the phantom.
The phantom is lightly damaged.
The phantom hits you.
You closely miss the phantom.
The phantom is lightly damaged.
The phantom hits you. The phantom closely misses you.
You closely miss the phantom.
The phantom is lightly damaged.
The phantom hits you.
The phantom blinks!
You blink.
A kobold comes into view. It is wielding a +0 whip.
Found a scroll labelled UBUZAI UZ VOJO.
The kobold shouts!
You are too injured to fight recklessly!
You are too injured to fight recklessly!
You are too injured to fight recklessly!
You are too injured to fight recklessly!
You are too injured to fight recklessly!
You slash the phantom!
The phantom is heavily damaged.
An orc comes into view. It is wielding a +0 flail.
The phantom barely misses you. The phantom hits you.
The phantom blinks!
You blink.
The orc moves out of view.
You hit the phantom but do no damage.
The phantom is heavily damaged.
You block the phantom's attack.
You closely miss the phantom.
The phantom is heavily damaged.
The phantom hits you.
* * * LOW HITPOINT WARNING * * *
The phantom blinks!
You blink.
You block the phantom's attack. The phantom attacks as you move away!
The phantom hits you but does no damage.
You hit the phantom but do no damage.
The phantom is heavily damaged.
The phantom hits you.
* * * LOW HITPOINT WARNING * * *
The phantom hits you.
You die...

#.#.##..# .#...#
#.#?##..##......
#.#.##.........#
####.#.##.#.P...#.#
.......K...K.PP...#
####........P>..#.
#...##....P.....
##...##?#........
#..(@##.#.##..#..
#.♣♣W##.#.# #....
##....##.#.# #...
#.....##.... ...
#.########.. #. #.#
## #.# #<# #....#


You could see a phantom and a kobold.

Vanquished Creatures
  4 adders
  A worm (D:3)
  2 dart slugs
  5 ball pythons
  6 endoplasms
  5 giant cockroaches
  6 goblins
  8 hobgoblins
  4 jackals (D:1)
  A kobold (D:1)
  6 quokkas
  10 bats
  2 frilled lizards
  8 rats
68 creatures vanquished.

Notes
Turn   | Place    | Note
-------+----------+-------------------------------------------
     0 | D:1      | Hubris850 the Djinni Gladiator began the quest for the Orb.
     0 | D:1      | Reached XP level 1. HP: 18/18 MP: 0/0
   115 | D:1      | Reached XP level 2. HP: 23/23 MP: 0/0
   412 | D:1      | Reached XP level 3. HP: 28/28 MP: 0/0
   412 | D:1      | Learned a level 1 spell: Slow
  1133 | D:2      | Reached XP level 4. HP: 26/34 MP: 0/0
  1195 | D:2      | Reached skill level 1 in Spellcasting
  1808 | D:3      | Found Itzagetteo's Book Boutique.
  1878 | D:3      | Reached XP level 5. HP: 33/39 MP: 0/0
  1878 | D:3      | Learned a level 2 spell: Wereblood
  2141 | D:3      | Identified the amulet of Midsummer {Reflect Str+5 SH+5}
  2210 | D:3      | Found Ucouqus's Jewellery Shop.
  2268 | D:3      | Found a faded altar of an unknown god.
  2539 | D:4      | Found a staircase to the Ecumenical Temple.
  2539 | D:4      | Noticed a phantom
  2550 | D:4      | Slain by a phantom

Illustrated notes

Levels and vault maps discovered:
D:1:      dpeg_arrival_fog, layout_loops_corners, minmay_cut_off
D:2:      layout_loops_cross
D:3:      minmay_angry_zag, layout_loops_cross, ebering_ecumenical_altar_hall,
          serial_shops, nicolae_diamond_shop, shop
D:4:      layout_loops_ring, minmay_temple_entry_overgrown,
          nicolae_ossuary_entry_catacombs, chequers_mini_garden, uniq_eustachio

Skill      XL: |  1  2  3  4 |
---------------+-------------+-----
Long Blades    | 3 |  3.3
Throwing       | 2 |  2.2
Spellcasting   | 1 |  1.2
Fighting       | |  2.8
Dodging        | |  3.9

Action                   |  1- 3 |  4- 6 || total
-------------------------+-------+-------++-------
Melee: Long sword        |   103 |    91 ||   194
       Punch             |     2 |       ||     2
       Great sword       |       |    35 ||    35
 Cast: Slow              |       |     3 ||     3
 Stab: Sleeping          |       |     1 ||     1
Armor: Leather armour    |    24 |    41 ||    65
Dodge: Dodged            |    83 |    99 ||   182
Block: Other             |     4 |    41 ||    45

Table legend: (Time is in decaauts)
 A = Elapsed time spent in this place.
 B = Non-inter-level travel time spent in this place.
 C = Inter-level travel time spent in this place.
 D = Time resting spent in this place.
 E = Time spent auto-exploring this place.
 F = Levels seen in this place.
 G = Mean time per level.
                   A        B        C        D        E       F      G
               +--------+--------+--------+--------+--------+-----+--------+
         Total |   2616 |   2520 |     96 |      0 |   1979 |   4 |  654.0 |
       Dungeon |   2616 |   2520 |     96 |      0 |   1979 |   4 |  654.0 |
               +--------+--------+--------+--------+--------+-----+--------+

Top non-repeatable levels by time:
     D:1: 971 daAuts
     D:2: 820 daAuts
     D:3: 795 daAuts
     D:4: 28 daAuts
